AoeStats
← RIO1000

MegaRandom

505721804Analyzed
4v4 RM · 22d ago on Sep 10, 2026· 101m 47s· 8 players
Game mode
Random Map
Map size
Large (8 player)
Population
200
Speed
Normal
Resources
Standard
Victory
Conquest
Starting age
Dark Age
Ending age
Imperial Age
RankedLock teamsTeams togetherTeam positionsShared explorationLock speedFull tech treeHidden civsTurbo modeCheats
Victory
Defeat
🇲🇽 Vikings · Mexico
1106
+16
🇩🇪 Gurjaras · Germany
1081
+17
🇨🇳 Tatars · China
1056
+18
🇲🇽 Inca · Mexico
1038
+19
🇷🇺 Mongols · Russia
1146
-19
🇷🇺 Huns · Russia
1100
-17
🇷🇺 Hindustanis · Russia
1093
-17
🇷🇺 Bohemians · Russia
1079
-17
RIO1000
8:43 Loom
10:55 Feudal Age
11:22 Horse Collar
11:29 Double-Bit Axe
11:43 Horse Collar
17:48 Castle Age
17:01 Champi Runner
18:41 Squires
18:48 Heavy Plow
19:04 Bow Saw
21:14 Forging
20:58 Champi Warrior
23:49 Scale Mail Armor
23:45 Gold Mining
25:33 Iron Casting
28:53 Stone Mining
31:08 Arson
32:07 Chain Mail Armor
33:15 Wheelbarrow
32:38 Town Watch
36:24 Hand Cart
41:52 Imperial Age
41:47 Fletching
42:01 Town Patrol
41:57 Elite Champi Warrior
45:09 Blast Furnace
45:31 Plate Mail Armor
53:35 Elite Kamayuk
54:38 Conscription
69:14 Bodkin Arrow
69:38 Caravan
71:35 Elite Skirmisher
72:20 Thumb Ring
74:16 Ballistics
74:56 Chemistry
75:39 Bracer
76:38 Andean Sling
79:13 Pikeman
Cochiloco2000
4:21 Loom
12:17 Feudal Age
18:05 Padded Archer Armor
18:03 Gold Mining
18:00 Double-Bit Axe
18:26 Fletching
28:20 Castle Age
28:27 Crossbowman
29:04 Bodkin Arrow
29:54 Leather Archer Armor
32:47 Bow Saw
36:15 Ballistics
40:41 Gold Shaft Mining
43:35 Imperial Age
44:08 Arbalester
45:04 Masonry
46:49 Chemistry
52:54 Bogsveigar
53:16 Conscription
54:13 Scale Mail Armor
54:24 Forging
57:00 Ring Archer Armor
58:56 Bracer
59:12 Chain Mail Armor
63:22 Plate Mail Armor
63:28 Iron Casting
67:39 Pikeman
86:28 Caravan
Pandinus
1:15 Loom
11:50 Feudal Age
24:58 Castle Age
23:43 Double-Bit Axe
24:10 Horse Collar
26:43 Fletching
30:56 Wheelbarrow
30:56 Town Watch
35:28 Bloodlines
36:01 Bodkin Arrow
38:54 Padded Archer Armor
39:20 Husbandry
39:41 Bow Saw
39:36 Heavy Plow
40:54 Leather Archer Armor
40:29 Elite Skirmisher
41:15 Thumb Ring
42:26 Scale Barding Armor
42:16 Gold Mining
44:31 Ballistics
45:28 Kshatriyas
50:32 Imperial Age
48:16 Scale Mail Armor
48:55 Stone Mining
50:44 Chain Mail Armor
51:20 Forging
51:20 Bracer
52:59 Hand Cart
53:53 Conscription
55:19 Plate Mail Armor
56:15 Chemistry
55:11 Murder Holes
56:10 Gold Shaft Mining
56:11 Stone Shaft Mining
58:57 Iron Casting
58:52 Masonry
59:55 Hoardings
62:04 Light Cavalry
63:48 Architecture
63:00 Treadmill Crane
63:06 Hussar
66:22 Crossbowman
67:52 Caravan
72:08 Chain Barding Armor
73:39 Siege Elephant
82:44 Plate Barding Armor
90:23 Coinage
91:40 Crop Rotation
96:56 Banking
折枝
9:04 Loom
11:15 Feudal Age
12:36 Double-Bit Axe
15:12 Castle Age
13:30 Horse Collar
15:35 Wheelbarrow
16:58 Bow Saw
21:38 Town Watch
25:22 Heavy Plow
27:18 Bloodlines
27:09 Husbandry
28:20 Forging
28:15 Scale Barding Armor
29:13 Gold Mining
31:40 Iron Casting
31:25 Chain Barding Armor
33:00 Hand Cart
32:46 Town Patrol
37:00 Imperial Age
34:57 Chain Barding Armor
35:41 Silk Armor
37:05 Light Cavalry
37:36 Elite Steppe Lancer
39:29 Gold Shaft Mining
38:44 Stone Mining
39:30 Crop Rotation
41:31 Blast Furnace
42:02 Hussar
42:08 Elite Skirmisher
43:38 Plate Barding Armor
42:59 Guard Tower
42:52 Treadmill Crane
43:23 Masonry
44:27 Conscription
44:33 Padded Archer Armor
44:26 Fletching
45:40 Chemistry
45:00 Ballistics
44:51 Fortified Wall
44:47 Siege Engineers
49:43 Bodkin Arrow
50:03 Leather Archer Armor
49:29 Heavy Cavalry Archer
51:46 Bracer
52:17 Ring Archer Armor
52:53 Ring Archer Armor
89:14 Heavy Camel Rider
azal873
8:37 Loom
11:09 Feudal Age
17:41 Castle Age
20:29 Stone Mining
21:12 Double-Bit Axe
21:20 Gold Mining
23:45 Redemption
23:54 Fletching
24:39 Bow Saw
28:02 Grand Trunk Road
28:39 Gold Shaft Mining
29:05 Wheelbarrow
28:40 Squires
29:36 Crossbowman
30:21 Thumb Ring
34:05 Imperial Age
32:26 Bodkin Arrow
32:35 Padded Archer Armor
34:50 Forging
34:41 Scale Mail Armor
35:35 Conscription
36:13 Iron Casting
36:07 Ballistics
35:43 Murder Holes
39:31 Chain Mail Armor
40:41 Blast Furnace
39:26 Horse Collar
40:12 Elite Ghulam
43:59 Heavy Plow
47:06 Arson
50:21 Bracer
50:37 Leather Archer Armor
56:43 Hand Cart
65:06 Caravan
76:09 Pikeman
hadji_andiyskiy
8:54 Loom
12:18 Feudal Age
13:02 Double-Bit Axe
17:51 Castle Age
17:06 Horse Collar
22:31 Fletching
22:41 Padded Archer Armor
24:56 Pikeman
26:55 Wheelbarrow
28:34 Chemistry
29:13 Heavy Plow
30:29 Fervor
30:46 Sanctity
34:19 Bodkin Arrow
34:39 Leather Archer Armor
39:13 Imperial Age
37:01 Hand Cart
41:22 Wagenburg Tactics
41:41 Conscription
42:32 Ballistics
43:23 Bow Saw
44:06 Houfnice
48:04 Elite Hussite Wagon
70:48 Bracer
shamil.malikov97
8:03 Loom
10:44 Feudal Age
13:06 Forging
12:51 Double-Bit Axe
21:10 Castle Age
20:32 Scale Barding Armor
20:26 Gold Mining
21:34 Bloodlines
23:14 Iron Casting
29:52 Thumb Ring
29:44 Fletching
30:44 Bodkin Arrow
31:43 Padded Archer Armor
35:19 Ballistics
35:23 Husbandry
35:43 Leather Archer Armor
35:44 Light Cavalry
40:35 Imperial Age
39:09 Stone Mining
39:56 Gold Shaft Mining
41:15 Arson
43:35 Parthian Tactics
43:49 Pikeman
46:21 Conscription
47:52 Bracer
49:07 Cavalier
49:53 Heavy Cavalry Archer
52:50 Wheelbarrow
56:39 Bow Saw
60:05 Chain Barding Armor
61:10 Blast Furnace
63:32 Hussar
64:52 Plate Barding Armor
65:27 Caravan
70:06 Two-Man Saw
71:29 Halberdier
77:51 Scale Mail Armor
Saladin
6:28 Loom
11:13 Feudal Age
12:26 Double-Bit Axe
13:08 Forging
23:51 Castle Age
24:51 Scale Barding Armor
30:46 Gold Mining
31:20 Bow Saw
36:12 Bloodlines
39:03 Horse Collar
39:59 Husbandry
41:10 Gold Shaft Mining
40:50 Heavy Plow
42:38 Chain Barding Armor
43:33 Iron Casting
44:04 Gold Shaft Mining
47:45 Wheelbarrow
48:57 Scale Mail Armor
61:53 Hand Cart
67:22 Imperial Age
65:04 Caravan
65:45 Light Cavalry
67:43 Hussar
71:04 Blast Furnace
77:38 Cavalier
83:32 Town Watch
Connection lost

Rejoining the realm…

Still unreachable

The connection could not be restored.

Session expired

The server has moved on; the page needs a fresh start.